 Dungeon Crawl Stone Soup version 0.26.1-11-gd32895ea62 (webtiles) character file.

Game seed: 16302081723733812869

886 H0rd4k the Charlatan (level 8, -6/60 HPs)
             Began as a Human Artificer on Apr 14, 2021.
             Was an Initiate of Gozag.
             Mangled by an ogre
             ... wielding a +0 giant spiked club
              (22 damage)
             ... on level 5 of the Dungeon.
             The game lasted 00:10:08 (7753 turns).

H0rd4k the Charlatan (Human Artificer)              Turns: 7753, Time: 00:10:09

Health: -6/60      AC: 11    Str: 14    XL:     8   Next: 26%
Magic:  8/8        EV:  5    Int: 13    God:    Gozag
Gold:   249        SH:  0    Dex: 13    Spells: 7/7 levels left

rFire    . . .     SeeInvis .   B - +4 falchion (curse)
rCold    . . .     Faith    .   (no shield)
rNeg     . . .     Spirit   .   y - +0 plate armour (curse)
rPois    .         Reflect  .   (no helmet)
rElec    .         Harm     .   (no cloak)
rCorr    +         Rampage  .   (no gloves)
Will     .....                  (no boots)
Stlth    ..........             (no amulet)
HPRegen  0.20/turn              q - ring of resist corrosion
MPRegen  0.11/turn              (no ring)

@: no status effects
A: no striking features
a: Renounce Religion, Potion Petition, Call Merchant, Bribe Branch


You were on level 5 of the Dungeon.
You worshipped Gozag.
Gozag was aware of your devotion.
You visited 1 branch of the dungeon, and saw 7 of its levels.

You collected 388 gold pieces.
You paid 139 gold pieces to Gozag.

Inventory:

Hand Weapons
 a - a +0 club
 f - a +0 dagger
 h - a +0 short sword
 B - a cursed +4 falchion (weapon)
Armour
 b - a +0 leather armour
 y - a cursed +0 plate armour (worn)
 C - a cursed -2 ring mail
Jewellery
 q - a ring of resist corrosion (left hand)
 z - an uncursed amulet of guardian spirit {unknown}
 F - a cursed amulet of inaccuracy {unknown}
Wands
 d - a wand of enslavement (4)
 e - a wand of random effects (1)
 x - a wand of polymorph (6)
Scrolls
 g - 7 scrolls of identify {unknown}
 k - 2 scrolls of immolation {unknown}
 m - a scroll of enchant armour {unknown}
 n - a scroll of blinking {unknown}
 s - a scroll of noise {unknown}
 v - 2 scrolls of remove curse {unknown}
 w - a scroll of teleportation {unknown}
 H - a scroll of amnesia {unknown}
Potions
 c - 2 potions of invisibility {unknown}
 i - 4 potions of brilliance {unknown}
 j - a potion of ambrosia {unknown}
 l - 2 potions of flight {unknown}
 o - 3 potions of cancellation {unknown}
 p - a potion of heal wounds {unknown}
 r - a potion of mutation {unknown}
 t - a potion of magic {unknown}
 u - a potion of might {unknown}
 A - 3 potions of curing {unknown}
 D - a potion of haste {unknown}
 E - a potion of lignification {unknown}


   Skills:
 + Level 3.7 Fighting
 + Level 3.2(4.0) Short Blades
 + Level 3.4(4.1) Long Blades
 + Level 4.1 Armour
 + Level 2.7 Dodging
 + Level 2.3 Stealth
 + Level 4.5 Evocations


You had 7 spell levels left.
You didn't know any spells.
Your spell library contained the following spells:

 Spells                   Type           Power        Failure   Level
 Magic Dart               Conj           0%           100%        1
 Blink                    Tloc           N/A          100%        2
 Call Imp                 Summ           0%           100%        2
 Slow                     Hex            0%           100%        2
 Confusing Touch          Hex            0%           100%        3
 Conjure Flame            Conj/Fire      0%           100%        3
 Gell's Gravitas          Tloc           0%           100%        3
 Mephitic Cloud           Conj/Pois/Air  0%           100%        3
 Petrify                  Tmut/Erth      0%           100%        4
 Metabolic Englaciation   Hex/Ice        0%           100%        5
 Yara's Violent Unravell  Hex/Tmut       0%           100%        5


Dungeon Overview and Level Annotations

Branches:
Dungeon (7/15)             Temple (0/1) D:5

Altars:
Ashenzari
Elyvilon
Gozag
Makhleb
Nemelex Xobeh
Ru
Wu Jian
Zin

Annotations:
D:3 exclusion: downstairs
D:5 exclusion: downstairs


Message History

You barely miss the ogre.
The ogre is heavily wounded.
The ogre hits you but does no damage.
You hit the ogre.
The ogre is heavily wounded.
The ogre barely misses you.
You slash the ogre!
The ogre is almost dead.
Your plate armour prevents you from hitting the ogre.
The ogre is almost dead.
The ogre hits you with a +0 giant spiked club.
You hit the ogre.
The ogre is almost dead.
The ogre hits you with a +0 giant spiked club!
* * * LOW HITPOINT WARNING * * *
You barely miss the ogre.
The ogre is almost dead.
The ogre hits you with a +0 giant spiked club!!
You die...
Your body crumbles into a pile of gold.

##.....##..#.....)>........####
###..........#.................#
#.....(......##..............###
..............#..............##
..............#..........##...#
...........##......#......##.##
............#...##.##.....>###
................#O..###....##
#.........##....@#..##......###
.................#............#
##.........#.......#..........#
#.................###.#.......##
#...........<......##..........#
###....................##^.....#
##......###..........###..#..#
####.### ##...##...## ##.#.##
### ########## #####


You could see an ogre.

Vanquished Creatures
  A phantom (D:4)
  A jelly (D:4)
  A water moccasin skeleton (D:7)
  2 wights (D:7)
  An orc priest (D:5)
  2 hounds
  A centaur skeleton (D:7)
  Jessica (D:2)
  Ijyb (D:3)
  2 worker ants
  2 orc wizards (D:4)
  Robin (D:2)
  5 adders
  An ooze (D:2)
  A worm (D:3)
  3 dart slugs
  5 leopard geckos
  16 orcs
  2 ball pythons (D:3)
  3 bats
  4 giant cockroaches
  16 goblins
  11 hobgoblins
  11 jackals
  3 quokkas
  9 frilled lizards
  12 kobolds
  5 rats
123 creatures vanquished.

Vanquished Creatures (collateral kills)
  A bullfrog (D:7)
  2 wights (D:7)
  An orc wizard (D:7)
  3 gnolls (D:6)
  An adder (D:7)
  A worm (D:3)
  4 orcs
  A giant cockroach (D:3)
  A goblin (D:2)
  2 hobgoblins (D:2)
  2 frilled lizards (D:2)
  A kobold (D:2)
20 creatures vanquished.

Vanquished Creatures (others)
  2 ogres (D:4)
  A wight (D:7)
  9 plants (D:3)
12 creatures vanquished.

Grand Total: 155 creatures vanquished

Notes
Turn   | Place    | Note
-------+----------+-------------------------------------------
     0 | D:1      | H0rd4k the Human Artificer began the quest for the Orb.
     0 | D:1      | Reached XP level 1. HP: 15/15 MP: 1/1
   459 | D:1      | Reached XP level 2. HP: 3/21 MP: 2/2
  1334 | D:1      | Reached XP level 3. HP: 21/26 MP: 3/3
  2204 | D:2      | Found a faded altar of an unknown god.
  2244 | D:2      | Found a sparkling altar of Nemelex Xobeh.
  2481 | D:2      | Noticed Jessica
  2528 | D:2      | Reached XP level 4. HP: 19/32 MP: 4/4
  2706 | D:2      | Noticed Robin
  2708 | D:2      | Killed Robin
  2709 | D:2      | Reached skill level 1 in Short Blades
  2788 | D:2      | Killed Jessica
  2789 | D:2      | Reached XP level 5. HP: 16/37 MP: 5/5
  2987 | D:2      | Found a burning altar of Makhleb.
  2989 | D:2      | Found a sacrificial altar of Ru.
  3178 | D:2      | Found an ornate altar of the Wu Jian Council.
  3433 | D:2      | Found a white marble altar of Elyvilon.
  4467 | D:3      | Noticed Ijyb
  4477 | D:3      | Killed Ijyb
  4559 | D:3      | Reached XP level 6. HP: 43/44 MP: 6/6
  5223 | D:4      | You fall into a shaft and drop 3 floors!
  5561 | D:7      | Noticed an orc warrior
  5592 | D:7      | Reached XP level 7. HP: 30/51 MP: 7/7
  5684 | D:7      | Reached skill level 1 in Long Blades
  5695 | D:6      | Noticed a water moccasin
  5714 | D:6      | Found a broken altar of Ashenzari.
  5730 | D:5      | Entered Level 5 of the Dungeon
  6947 | D:4      | Reached XP level 8. HP: 55/59 MP: 8/8
  7331 | D:5      | Found an opulent altar of Gozag.
  7337 | D:5      | Became a worshipper of Gozag Ym Sagoz the Greedy
  7482 | D:5      | Found a staircase to the Ecumenical Temple.
  7498 | D:5      | Found a glowing silver altar of Zin.
  7753 | D:5      | Mangled by an ogre

Illustrated notes

Levels and vault maps discovered:
D:1:      amcnicky_arrival_single_pillar, layout_loops_ring
D:2:      layout_rooms, elyvilon_altar_1, nzn_wu_jian_contemplation,
          chequers_temple_overflow_statue_of_worship, lemuel_round_altar,
          chequers_ecumenical_altar_simple_redux, kennysheep_generic_room_16,
          uniq_jessica, uniq_robin
D:3:      layout_basic, serial_bayou, serial_bayou_pond_d, serial_bayou_lake_a,
          serial_bayou_shore_b, serial_bayou_shore_b, uniq_ijyb
D:4:      layout_loops_corners
D:5:      layout_cave_pools, pdpol_temple_overflow_zin_treasury_gozag_greed,
          temple_green
D:6:      layout_basic, nicolae_tso_besieged_by_evil,
          cheibrodos_ashenzari_chains, ebering_ghost_sewer_f, serial_shops,
          shop, grunt_decor_one_mirror, nemelex_lonely_heart_becter
D:7:      layout_loops_corners, marbit_many_paths

Skill      XL: |  1  2  3  4  5  6  7  8 |
---------------+-------------------------+-----
Short Blades   | 1 2 3 |  3.2
Evocations     | 4 |  4.5
Armour         | 3 4 |  4.1
Fighting       | 2 3 |  3.7
Dodging        | 2 |  2.7
Stealth        | 2 |  2.3
Long Blades    | 2 3 |  3.4

Action                   |  1- 3 |  4- 6 |  7- 9 || total
-------------------------+-------+-------+-------++-------
Melee: Club              |    27 |       |       ||    27
       Dagger            |   140 |   302 |       ||   442
       Falchion          |       |    28 |   150 ||   178
Evoke: Wand              |    15 |    24 |    11 ||    50
 Stab: Sleeping          |     1 |     2 |       ||     3
       Paralysed         |       |     4 |       ||     4
       Distracted        |       |       |     1 ||     1
Armor: Leather armour    |    38 |    42 |       ||    80
       Plate armour      |       |    50 |   101 ||   151
Dodge: Dodged            |    87 |   152 |    35 ||   274
       Rpst.: Falchion   |       |     1 |    11 ||    12
